 Dungeon Crawl Stone Soup version 0.19-a0-1634-g2f321e7 (webtiles) character file.

1285 AlphabetPasta the Stinger (level 8, 0/54 HPs)
             Began as a Demonspawn Venom Mage on Sept 18, 2016.
             Was an Initiate of Ashenzari.
             Splashed by a jelly's acid (6 damage)
             ... on level 6 of the Dungeon on Sept 19, 2016.
             The game lasted 00:37:26 (6928 turns).

AlphabetPasta the Stinger (Demonspawn Venom Mage)   Turns: 6928, Time: 00:37:28

Health: 0/54       AC: -14   Str:  8    XL:     8   Next: 29%
Magic:  0/14       EV: 12    Int: 18    God:    Ashenzari [......]
Gold:   297        SH:  6    Dex: 15    Spells: 4 memorised, 3 levels left

rFire  . . .     SeeInvis .     r - +1 trident
rCold  . . .     Gourm    .     a - +0 robe
rNeg   . . .     Faith    .     f - +1 buckler
rPois  +         Spirit   +     (helmet restricted)
rElec  .         Dismiss  .     (no cloak)
rCorr  .         Reflect  .     i - +1 pair of gloves
MR     .....     Harm     .     (no boots)
Stlth  ++........               (no amulet)
                                (no ring)
                                q - +2 ring of strength

@: corroded
A: antennae 1, icy blue scales 1, poison resistance, regeneration 1, weak 1,
magic shield
a: Curse Item, Renounce Religion


You were on level 6 of the Dungeon.
You worshipped Ashenzari.
Ashenzari was noncommittal.
You were hungry.

You visited 2 branches of the dungeon, and saw 7 of its levels.
You also visited: Sewer.

You collected 297 gold pieces.

Inventory:

Hand Weapons
 e - a +0 club
 n - a +0 spear
 r - a +1 trident (weapon)
Missiles
 l - a silver javelin (quivered)
Armour
 a - a +0 robe (worn)
 f - a +1 buckler (worn)
 i - a +1 pair of gloves (worn)
Jewellery
 q - a +2 ring of strength (left hand)
 y - an uncursed ring of fire
Wands
 u - a wand of polymorph (16/24)
Scrolls
 h - a scroll of magic mapping
 o - 4 scrolls of remove curse
 s - a scroll of enchant armour
Potions
 d - a potion of might
 j - 5 potions of curing
 k - 3 potions of brilliance {unknown}
 m - 2 potions of haste {unknown}
 p - a potion of beneficial mutation {unknown}
 t - a potion of degeneration {unknown}
 v - a potion of agility
 w - a potion of ambrosia {unknown}
 x - a potion of flight {unknown}
Books
 b - a Young Poisoner's Handbook

   Spells                             Type                      Level
   a - Sting                          Conjuration/Poison           1
   b - Mephitic Cloud                 Conjuration/Poison/Air       3
   c - Olgreb's Toxic Radiance        Poison                       4
   d - Alistair's Intoxication        Transmutation/Poison         5
   e - Venom Bolt                     Conjuration/Poison           5
Comestibles
 c - a bread ration
 g - a royal jelly
 z - 2 meat rations


   Skills:
 + Level 1.4 Fighting
 - Level 1.0 Polearms
 + Level 1.7 Dodging
 - Level 1.7 Stealth
 - Level 4.0 Shields
 + Level 4.6 Spellcasting
 + Level 3.7 Conjurations
 * Level 7.3 Poison Magic


You had 3 spell levels left.
You knew the following spells:

 Your Spells              Type           Power        Failure   Level  Hunger
a - Sting                 Conj/Pois      ###.         1%          1    None
b - Mephitic Cloud        Conj/Pois/Air  ###.....     12%         3    ###....
c - Olgreb's Toxic Radia  Pois           ####....     10%         4    ####...
d - Venom Bolt            Conj/Pois      ###.......   41%         5    ######.


Dungeon Overview and Level Annotations

Branches:
Dungeon (6/15)             Temple (1/1) D:5

Altars:
Ashenzari
Cheibriados
Dithmenos
Elyvilon
Fedhas
Gozag
Hepliaklqana
Kikubaaqudgha
Makhleb
Okawaru
Qazlal
Ru
Sif Muna
Trog
Uskayaw
Vehumet
Yredelemnul
Zin
The Shining One

Annotations:
D:3 Purgy
D:5 jimeh's ghost, amateur TeMo
D:6 exclusion: wight


Innate Abilities, Weirdness & Mutations

You have a pair of small antennae on your head.
You are partially covered in icy blue scales. (AC +2)
When hurt, damage is shared between your health and your magic reserves.
Your system is resistant to poisons. (rPois)
Your natural rate of healing is unusually fast.
You are weak. (Str -2)


Message History

The jelly is almost dead.
The jelly barely misses you.
You hit the jelly but do no damage.
Your hands burn!
The jelly is almost dead.
You block the jelly's attack.
You hit the jelly but do no damage.
Your hands burn!
The jelly is almost dead.
The jelly hits you.
You are splashed with acid!
The acid burns!
You hit the jelly but do no damage.
Your hands burn!
The jelly is almost dead.
You block the jelly's attack. The jelly hits you. The acid corrodes you!
You are splashed with acid!
The acid burns!
* * * LOW HITPOINT WARNING * * *
You hit the jelly but do no damage. The acid corrodes you!
Your hands burn!
* * * LOW HITPOINT WARNING * * *
The jelly is almost dead.
The jelly hits you.
* * * LOW HITPOINT WARNING * * *
The acid corrodes you!
You are splashed with acid!
The acid burns!
You die...

# ### ### .# ##.###.##
###.# ###
##.......####..#
#.#####..#....@J...#...#
##..##............####.##
##...........#####.## .#
#......#....## ##.### #
......#......# ##...#
.............#####...##
...........#..##.....##
....##...####.....###.#
.#..####..##....### #.#


You could see a jelly.

Vanquished Creatures
  A sky beast (D:5)
  3 ogres
  A phantom (D:6)
  A centaur (D:5)
  3 bullfrogs (D:6)
  A gnoll sergeant (Temple)
  4 scorpions
  A bullfrog skeleton (D:6)
  2 orc wizards
  2 worker ants
  5 adders
  8 gnolls
  2 adder skeletons
  A dart slug (D:3)
  6 leopard geckos
  7 orcs
  9 bats
  2 giant cockroaches
  8 goblins
  10 hobgoblins
  6 jackals
  4 quokkas
  3 frilled lizards
  A jackal skeleton (D:5)
  10 kobolds
  11 rats
112 creatures vanquished.

Notes
Turn   | Place    | Note
-------+----------+-------------------------------------------
     0 | D:1      | AlphabetPasta the Demonspawn Venom Mage began the quest for the Orb.
     0 | D:1      | Reached XP level 1. HP: 13/13 MP: 3/3
   243 | D:1      | Gained mutation: You are partially covered in icy blue scales. (AC +2) [demonic ancestry]
   243 | D:1      | Reached XP level 2. HP: 17/19 MP: 0/5
  1088 | D:2      | Gained mutation: You have a pair of small antennae on your head. [demonic ancestry]
  1088 | D:2      | Reached XP level 3. HP: 21/24 MP: 0/6
  1093 | D:2      | Learned a level 3 spell: Mephitic Cloud
  1270 | D:2      | Reached skill level 1 in Shields
  1971 | D:3      | Found a glowing drain.
  2014 | Sewer    | Entered a sewer
  2103 | Sewer    | Gained mutation: When hurt, damage is shared between your health and your magic reserves. [demonic ancestry]
  2103 | Sewer    | Reached XP level 4. HP: 28/30 MP: 3/7
  2155 | Sewer    | Noticed Purgy
  2237 | D:3      | Gained mutation: Your system is resistant to poisons. (rPois) [potion of mutation]
  2237 | D:3      | Gained mutation: Your natural rate of healing is unusually fast. [potion of mutation]
  2237 | D:3      | Gained mutation: You are weak. (Str -2) [potion of mutation]
  2292 | D:3      | Found a glowing silver altar of Zin.
  2997 | D:3      | Found a hide-covered altar of Uskayaw.
  3077 | D:3      | Reached skill level 1 in Polearms
  3314 | D:4      | Learned a level 4 spell: Olgreb's Toxic Radiance
  3321 | D:4      | Found an iron altar of Okawaru.
  3339 | D:4      | Reached skill level 1 in Conjurations
  3834 | D:4      | Reached skill level 5 in Poison Magic
  3834 | D:4      | Reached XP level 5. HP: 35/35 MP: 2/9
  4159 | D:4      | Reached XP level 6. HP: 41/41 MP: 6/10
  4428 | D:5      | Entered Level 5 of the Dungeon
  4598 | D:5      | Noticed jimeh's ghost (amateur TeMo)
  4687 | D:5      | Noticed a sky beast
  4705 | D:5      | Found a staircase to the Ecumenical Temple.
  4716 | Temple   | Entered the Ecumenical Temple
  4906 | Temple   | Became a worshipper of Ashenzari the Shackled
  5011 | D:5      | Reached skill level 6 in Poison Magic
  5012 | D:5      | Found an iron altar of Okawaru.
  5141 | D:5      | Reached XP level 7. HP: 41/46 MP: 5/12
  5157 | D:5      | Learned a level 5 spell: Venom Bolt
  5251 | Temple   | Upgraded the game from 0.19-a0-1629-g59ed194 to 0.19-a0-1634-g2f321e7
  6410 | D:6      | Reached XP level 8. HP: 52/52 MP: 6/14
  6496 | D:6      | Reached skill level 7 in Poison Magic
  6560 | D:6      | Reached skill level 1 in Fighting
  6928 | D:6      | Splashed by a jelly's acid

Vault maps used:
D:1:      lemuel_arrival_room
D:2:      serial_forest, infiniplex_forest_end_2,
          infiniplex_forest_clump_diagonal, infiniplex_forest_lined_3,
          infiniplex_forest_clump_double, infiniplex_forest_3_way,
          infiniplex_forest_lined_room_2, infiniplex_forest_straight_4
D:3:      old_standard_altar, lemuel_round_altar, gup_sewer_entry_spiral
D:4:      kennysheep_mini_moat, first_bread, abandoned_shop
D:5:      okawaru_ov_weapons_minmay
Temple:   eino_temple_scatter_basement
Sewer:    sewer_big_baddie

Skill      XL: |  1  2  3  4  5  6  7  8 |
---------------+-------------------------+-----
Shields        | 1 2 3 4 |  4.0
Polearms       | 1 |  1.0
Conjurations   | 1 2 3 |  3.7
Poison Magic   | 5 6 7 |  7.3
Spellcasting   | 3 4 |  4.6
Fighting       | 1 |  1.4
Dodging        | |  1.7
Stealth        | |  1.7

Action                   |  1- 3 |  4- 6 |  7- 9 || total
-------------------------+-------+-------+-------++-------
Melee: Spear             |    46 |    16 |       ||    62
       Club              |     2 |       |       ||     2
       Trident           |       |    81 |   160 ||   241
Throw: Javelin           |       |     2 |       ||     2
 Cast: Sting             |    88 |   109 |    65 ||   262
       Mephitic Cloud    |       |     4 |     4 ||     8
       Olgreb's Toxic Ra |       |       |     1 ||     1
  Use: Scroll            |     4 |     4 |     1 ||     9
       Potion            |       |     2 |       ||     2
 Stab: Sleeping          |     2 |     2 |       ||     4
       Confused          |       |     1 |     4 ||     5
  Eat: Chunk             |     5 |     5 |     2 ||    12
       Meat ration       |       |     1 |       ||     1
       Bread ration      |       |       |     1 ||     1
Armor: Robe              |    32 |    40 |    36 ||   108
Dodge: Dodged            |    41 |    89 |    73 ||   203
Block: Buckler           |     8 |    29 |    32 ||    69
